[Event "Early-Titled-Tuesday-Blitz-October-24-2023"]
[Site "Chess.com"]
[Date "2023.10.24"]
[Round "2"]
[White "ATM622"]
[Black "AlexPapasimakopoulos"]
[Result "0-1"]
[WhiteElo "2404"]
[BlackElo "2675"]
[TimeControl "180+1"]
[EndTime "8:18:24 PDT"]
[Termination "AlexPapasimakopoulos won on time"]

1. d4 Nf6 2. c4 e6 3. g3 Bb4+ 4. Nd2 d5 5. Bg2 O-O 6. Qc2 Nc6 7. Nf3 dxc4 8. Qxc4 Qd5 9. Qxd5 exd5 10. O-O Re8 11. e3 Ne7 12. a3 Bd6 13. b4 a5 14. b5 a4 15. Rb1 b6 16. Ne5 Bf5 17. Ra1 Ra5 18. Bb2 Rxb5 19. Bc3 Ne4 20. Nxe4 Bxe4 21.
f3 Bg6 22. e4 Rb3 23. Bb4 Bxb4 24. axb4 Rxb4 25. Rfd1 f6 26. Nxg6 hxg6 27. f4 dxe4 28.
Bxe4 Rd8 29. Rdc1 Rdxd4 30. Bb1 c5 31. Re1 Nd5 32. Re8+ Kf7 33. Ra8 Nc3 34. Ba2+ Nxa2 35. Rxa2 b5 36. Re2 Re4 37. Rd2 Rbd4 38. Rb2 Re8 39.
Ra5 Rb8 40. Raxb5 Rxb5 41. Rxb5 Rc4 42. Rb6 Rb4 43. Ra6 c4 44. Kf2 c3 45. Ke3 c2 46. Kd2 Rc4 47. Kc1 g5 48. f5 g4 49.
Ra7+ Kg8 50. Ra8+ Kh7 51. Ra5 Kh6 52. Rb5 a3 53. Ra5 Rc3 54. Rb5 Kg5 55. Ra5 Kh5 56.
Rb5 Kh6 57. Ra5 Kg5 58. Rb5 Rf3 59. Kxc2 Rf2+ 60. Kd3 Rxh2 61. Rb7 a2 62. Ra7 Kxf5 63. Ke3 g5 64. Ra6 Rg2 65. Ra5+ Kg6 66. Ke4 Rxg3 67. Rxa2 f5+ 68. Ke5 Re3+ 69. Kd4 f4 70. Ra6+ Kh5 71. Ra8 g3 72. Ra1 Re8 73. Kd3 f3 74.
Rg1 g2 0-1

[Event "Early-Titled-Tuesday-Blitz-October-24-2023"]
[Site "Chess.com"]
[Date "2023.10.24"]
[Round "2"]
[White "SlavenPastar"]
[Black "Artemiki"]
[Result "1-0"]
[WhiteElo "2607"]
[BlackElo "2310"]
[TimeControl "180+1"]
[EndTime "8:18:32 PDT"]
[Termination "SlavenPastar won by resignation"]

1. b3 Nf6 2. Bb2 d5 3. Nf3 e6 4.
e3 Be7 5. c4 O-O 6. Be2 c5 7.
cxd5 Nxd5 8. O-O Nc6 9. d4 cxd4 10. Nxd4 Nxd4 11. Bxd4 Bf6 12. Na3 b6 13. Bf3 Bb7 14. Nc4 Rc8 15. Rc1 Qe7 16. Bxf6 Nxf6 17. Bxb7 Qxb7 18. Nd6 Rxc1 19. Nxb7 Rxd1 20. Rxd1 Rb8 21. Rd8+ Rxd8 22. Nxd8 Ne4 23. Nc6 a5 24. Kf1 Kf8 25.
Ke1 Ke8 26. f3 Nc3 27. a4 f6 28. Nd4 Kd7 29. e4 e5 30. Nf5 g6 31. Ne3 b5 32.
Kd2 Nb1+ 33. Kc1 Nc3 34. Kc2 Ne2 35. axb5 Nd4+ 36. Kb2 Nxb5 37. Nc4 Nd4 38. Nxa5 Kd6 39. b4 Nb5 40. Kb3 Nd4+ 41. Kc4 Ne2 42. Kb5 Nd4+ 43. Ka6 Nc2 44. b5 Nb4+ 45. Ka7 Kc5 46. b6 Kb5 47. b7 Kxa5 48. b8=Q Nc6+ 49. Kb7 Nxb8 50. Kxb8 Kb6 51.
Kc8 Kc6 52. Kd8 Kd6 53. Ke8 Ke6 54. Kf8 h5 55. Kg7 g5 56. g3 f5 57. Kg6 g4 58.
exf5+ Ke7 59. fxg4 e4 60. Kg7 e3 61. f6+ Kd7 62.
f7 e2 63. f8=Q e1=Q 64. Qf5+ Kd6 65. gxh5 Qa1+ 66. Qf6+ Qxf6+ 67. Kxf6 1-0

[Event "Early-Titled-Tuesday-Blitz-October-24-2023"]
[Site "Chess.com"]
[Date "2023.10.24"]
[Round "2"]
[White "BJthechessgod"]
[Black "Alexchess1984"]
[Result "1/2-1/2"]
[WhiteElo "2384"]
[BlackElo "2691"]
[TimeControl "180+1"]
[EndTime "8:18:32 PDT"]
[Termination "Game drawn by repetition"]

1. e4 c5 2. Nf3 Nc6 3. d4 cxd4 4.
Nxd4 g6 5. c4 Nf6 6. Nc3 Nxd4 7.
Qxd4 d6 8. f3 Bg7 9. Be3 O-O 10.
Qd2 Be6 11. Be2 a5 12. O-O a4 13. Rac1 Qa5 14. Nd5 Qxd2 15. Nxe7+ Kh8 16. Bxd2 Rfe8 17. Nd5 Nxd5 18. cxd5 Bxd5 19. Bb5 Bxa2 20. Bxe8 Rxe8 21. Bc3 d5 22. Bxg7+ Kxg7 23. exd5 Bxd5 24. Rfe1 Be6 25. Kf2 b5 26. Re4 Rd8 27. Ke3 Bc4 28. Rc2 Rd3+ 29. Kf2 Rb3 30. Re3 Rb4 31. Ke1 h5 32. Kd2 Be6 33. Kc1 Bf5 34. Rc5 Be6 35. Ree5 Bc4 36.
Kc2 Rb3 37. Re4 a3 38. bxa3 Rxa3 39. Rd4 Ra2+ 40. Kc3 Rxg2 41. h4 Rg3 42. Rf4 Rg1 43. Rc7 Rf1 44. Kd4 Rd1+ 45. Kc5 Re1 46. Kb4 Re5 47.
Kc3 Re3+ 48. Kd2 Rd3+ 49. Kc2 Re3 50. Rb7 Re2+ 51. Kc3 Rh2 52. Kd4 Kh6 53. Rb8 Kg7 54.
Kc5 Kh6 55. Re4 Kg7 56. Ree8 Rf2 57. Re3 Rh2 58. Re4 Rh3 59. Rf4 Rh2 60. Kd4 Rd2+ 61.
Ke3 Re2+ 62. Kd4 Re6 63. Re4 Rf6 64. f4 Rf5 65. Ke3 Rd5 66. Re5 Rd3+ 67. Kf2 Rh3 68. f5 Rxh4 69. fxg6 fxg6 70. Re7+ Kh6 71. Rh8+ Kg5 72. Re5+ Kf6 73. Rc5 Rf4+ 74. Kg3 Rg4+ 75. Kh2 Rd4 76. Rf8+ Kg7 77. Rfc8 Kh6 78. Rh8+ Kg7 79.
Rhc8 Rd7 80. Kg3 Rf7 81. Kh4 Kh6 82. Rh8+ Kg7 83. Rhc8 Rf4+ 84. Kg3 Rg4+ 85. Kh2 Rf4 86. Kg3 Rf7 87. Kh4 1/2-1/2

[Event "Early-Titled-Tuesday-Blitz-October-24-2023"]
[Site "Chess.com"]
[Date "2023.10.24"]
[Round "2"]
[White "mind1mover"]
[Black "Meri-Arabidze"]
[Result "1-0"]
[WhiteElo "2818"]
[BlackElo "2558"]
[TimeControl "180+1"]
[EndTime "8:18:34 PDT"]
[Termination "mind1mover won by checkmate"]

1. Nf3 b6 2. b3 Bb7 3. e3 Nf6 4. Bb2 g6 5. g3 Bg7 6. Bg2 O-O 7. O-O d6 8. d4 c5 9. c4 cxd4 10.
exd4 Nbd7 11. Nc3 Re8 12. d5 Nc5 13. Nd4 e5 14. dxe6 fxe6 15. Bxb7 Nxb7 16. Re1 Qd7 17.
Qf3 e5 18. Nc2 Rf8 19. Ne4 Ng4 20. Qg2 Nc5 21. Nxc5 bxc5 22. f3 Nh6 23. Ne3 Nf5 24.
Nd5 Rf7 25. f4 Raf8 26. fxe5 dxe5 27. Rf1 Nd4 28. Rxf7 Rxf7 29. Rf1 h5 30. Qe4 Rxf1+ 31. Kxf1 Kh7 32. Kg2 Qf5 33. Qxf5 gxf5 34. Ne7 Bh6 35. Kf2 f4 36. Bxd4 fxg3+ 37. hxg3 exd4 38. Nc6 a6 39. Nb8 a5 40. Nd7 d3 41. Nxc5 d2 42. Ke2 Kg6 43. Ne4 Kf5 44. Nxd2 Kg4 45. Ne4 Bf8 46. c5 Bxc5 47.
Nxc5 Kxg3 48. Ne4+ Kg2 49. Nf2 h4 50. a3 Kg3 51. b4 axb4 52. axb4 Kf4 53. Kd3 Kf3 54. Nh1 Kg2 55. b5 Kxh1 56. b6 h3 57. b7 h2 58.
b8=Q Kg2 59. Qb7+ Kg1 60. Qb6+ Kg2 61. Qc6+ Kg1 62. Qc5+ Kg2 63. Qd5+ Kg1 64. Qd4+ Kg2 65. Qe4+ Kg1 66. Qg4+ Kf2 67. Qh4+ Kg2 68. Qg5+ Kf2 69. Qh5 Kg2 70. Ke2 h1=Q 71. Qg4+ Kh2 72. Kf2 Qe4 73. Qxe4 Kh3 74. Qd4 Kh2 75. Qh4# 1-0

[Event "Early-Titled-Tuesday-Blitz-October-24-2023"]
[Site "Chess.com"]
[Date "2023.10.24"]
[Round "2"]
[White "MarijaKuznecova"]
[Black "Hovik_Hayrapetyan"]
[Result "1-0"]
[WhiteElo "2415"]
[BlackElo "2799"]
[TimeControl "180+1"]
[EndTime "8:18:34 PDT"]
[Termination "MarijaKuznecova won on time"]

1. e4 c5 2. Nf3 d6 3. d4 cxd4 4. Nxd4 Nf6 5. Nc3 a6 6. Be3 e5 7. Nb3 Be6 8. f3 h5 9. Qd2 Nbd7 10. Nd5 Bxd5 11. exd5 g6 12. Be2 Rc8 13. O-O Bg7 14.
Rac1 O-O 15. c4 b6 16. a3 a5 17. f4 Ne4 18. Qc2 f5 19. Bd3 Nec5 20. Nxc5 bxc5 21.
fxe5 Nxe5 22. Be2 Rb8 23. b3 Re8 24. Bf4 Nf7 25. Bd3 Bd4+ 26. Kh1 Qf6 27. Rb1 Ne5 28. Be2 h4 29. Qd2 h3 30. gxh3 Nf7 31.
Bd3 Qh4 32. Qg2 Kh7 33. Bd2 Ne5 34. Bc2 Rf8 35. Bg5 Qh5 36. Bd1 Qxd1 37. Rfxd1 f4 38.
Rf1 f3 39. Qg3 Rf5 40. Qh4+ Kg8 41. Qh6 Rbf8 42. b4 cxb4 43. axb4 a4 44. Be7 R8f7 45.
Bxd6 a3 46. c5 a2 47. Rbd1 f2 48. Rxd4 a1=Q 49. Rxa1 f1=Q+ 50. Rxf1 Rxf1+ 51. Kg2 R1f2+ 52. Kg3 R2f3+ 53. Kh4 Nd7 54. Bg3 Nf8 55. c6 R3f5 56. Qg5 Rh7+ 57. Kg4 Rxg5+ 58. Kxg5 Kf7 59. c7 Rh5+ 60. Kg4 Nd7 61. c8=Q Nf6+ 62. Kf4 Kg7 63. Qe6 g5+ 64. Kf3 g4+ 65. hxg4 Rg5 66. Qe7+ Kg6 67. Bf4 Rxg4 68. Qxf6+ Kxf6 69. Kxg4 Kg6 70. d6 Kf7 71. d7 Kf6 72. d8=Q+ Ke6 73. Rd6+ Kf7 74. Qc7+ 1-0

[Event "Early-Titled-Tuesday-Blitz-October-24-2023"]
[Site "Chess.com"]
[Date "2023.10.24"]
[Round "2"]
[White "JoliyRoger"]
[Black "jraosam"]
[Result "1-0"]
[WhiteElo "2439"]
[BlackElo "2123"]
[TimeControl "180+1"]
[EndTime "8:18:35 PDT"]
[Termination "JoliyRoger won on time"]

1. d4 d5 2. Nf3 Nf6 3. c4 c6 4.
Nc3 e6 5. e3 Bd6 6. Qc2 O-O 7. b3 Nbd7 8. Bb2 b6 9. Bd3 Bb7 10. O-O Qe7 11. Rad1 Rac8 12. Rfe1 Rfd8 13. e4 dxe4 14. Nxe4 Nxe4 15. Bxe4 Nf6 16. Bd3 c5 17. d5 Qc7 18. Bxf6 gxf6 19. Bxh7+ Kg7 20. Be4 Rh8 21. g3 f5 22. Bd3 exd5 23. Bxf5 d4 24. Be4 Rce8 25. Bxb7 Qxb7 26. Rxe8 Rxe8 27. Re1 Rh8 28.
Qf5 Rh6 29. Re4 Rf6 30. Rg4+ Rg6 31. Nh4 Rxg4 32. Qxg4+ Kf8 33. Nf5 Be5 34. Qe2 Bf6 35.
Qd3 Qd7 36. Kg2 Qe6 37. h4 Qe1 38.
Qf3 Kg8 39. Qg4+ Kf8 40. Qf4 Kg8 41. Nd6 Qe6 42. Ne4 Be5 43. Qg5+ Kf8 44. Qh5 Bg7 45. Qf3 Ke7 46. Ng5 Qg6 47. Qb7+ Ke8 48. Qb8+ Ke7 49. Qxa7+ Ke8 50. Qb8+ Ke7 51. Qc7+ Ke8 52. Qc8+ Ke7 53. Qb7+ Ke8 54. Qe4+ Qxe4+ 55. Nxe4 Ke7 56. Kf3 f5 57.
Ng5 Bh6 58. Ke2 Kf6 59. Nf3 Bc1 60. Kd3 Bh6 61. a3 Bc1 62. a4 Bh6 63. b4 cxb4 64. Nxd4 Ke5 65. Nb3 Bc1 66. Nxc1 b3 67. Nxb3 1-0

[Event "Early-Titled-Tuesday-Blitz-October-24-2023"]
[Site "Chess.com"]
[Date "2023.10.24"]
[Round "2"]
[White "MokshAD1603"]
[Black "Krakozia"]
[Result "0-1"]
[WhiteElo "2600"]
[BlackElo "2973"]
[TimeControl "180+1"]
[EndTime "8:18:47 PDT"]
[Termination "Krakozia won by resignation"]

1. d4 Nf6 2. c4 e6 3. Nf3 Bb4+ 4. Nbd2 b6 5. a3 Bxd2+ 6. Qxd2 O-O 7. e3 d5 8. Be2 dxc4 9. Bxc4 Bb7 10. Be2 Qe7 11.
O-O Rd8 12. b4 c5 13. bxc5 bxc5 14. Bb2 Nc6 15. Qc2 cxd4 16. Nxd4 Nxd4 17. Bxd4 e5 18. Bc5 Qe6 19. Rfc1 Rac8 20. Qa4 Bc6 21. Qxa7 Ra8 22. Qe7 Qf5 23. Rd1 Re8 24. Qc7 Rac8 25. Qa5 Ne4 26. f3 Nxc5 27. Qxc5 Ba4 28. Qd6 Bxd1 29.
Rxd1 h5 30. a4 Qc2 31. Bb5 Rf8 32. a5 Qc5 33. Qd5 Rfd8 34. Qxd8+ Rxd8 35. Rxd8+ Kh7 36. Bd3+ g6 37. a6 Qxe3+ 38. Kf1 Qb6 39. Rd7 Qe6 40. a7 Qxd7 41. a8=Q Qxd3+ 42. Kf2 Qd2+ 43. Kf1 Qd1+ 44. Kf2 Qc2+ 45. Kf1 Qc4+ 46. Kf2 Kg7 47. Qa5 Qd4+ 48. Kf1 h4 49. Qe1 Qd3+ 50. Kf2 Qd4+ 51. Kf1 Qf4 52. Kg1 h3 53. Qe2 hxg2 54. Kxg2 Kf6 55. Qa6+ Kg7 56. Qe2 Kh6 57. Qa2 e4 58. fxe4 Qxe4+ 59. Kg1 Qf4 60. Qa8 Kg7 61. Qd5 Qf6 62. Qb7 g5 63. Qd5 Qf4 64.
Kg2 Qg4+ 65. Kf2 Qf4+ 66. Kg2 Qf6 67. Qb7 Kg6 68. Qe4+ Qf5 69. Qc6+ Qe6 70. Qa8 f5 71. Qb7 Qe4+ 72. Qxe4 fxe4 73. Kf2 Kf5 74. Ke3 g4 75. Ke2 Kf4 76. Kf2 e3+ 77. Ke2 Ke4 78. Ke1 Kf3 79.
Kf1 e2+ 80. Ke1 Ke3 81. h3 g3 0-1

[Event "Early-Titled-Tuesday-Blitz-October-24-2023"]
[Site "Chess.com"]
[Date "2023.10.24"]
[Round "2"]
[White "ExcitingTrap"]
[Black "Let_it_be_1"]
[Result "1/2-1/2"]
[WhiteElo "2356"]
[BlackElo "2598"]
[TimeControl "180+1"]
[EndTime "8:19:03 PDT"]
[Termination "Game drawn by stalemate"]

1. e4 e6 2. d4 d5 3. Nd2 Nf6 4. e5 Nfd7 5. Bd3 c5 6. c3 Nc6 7. Ne2 f6 8. f4 Qb6 9. Nf3 Be7 10. Be3 cxd4 11. cxd4 Qxb2 12. O-O O-O 13. exf6 Nxf6 14. Ne5 Nb4 15. Bb5 Nc2 16. Rb1 Nxe3 17. Rxb2 Nxd1 18. Rxd1 a6 19. Bd3 b5 20. Nc6 Bd6 21. Ne5 Bb7 22. a4 b4 23. a5 Rac8 24. g3 Rc7 25. Kf2 Ne4+ 26. Ke3 Nc3 27. Ra1 Nxe2 28. Bxe2 Rc3+ 29. Kd2 Rfc8 30. Nd3 R8c4 31. Nxb4 Bxb4 32.
Rxb4 Rc2+ 33. Kd1 Rxb4 34. Kxc2 Rxd4 35. Bg4 Kf7 36. Rb1 Bc6 37. Rb6 Rc4+ 38. Kd3 e5 39. fxe5 Bb5 40. Be6+ Ke7 41. Bxd5 Ra4+ 42. Ke3 Rxa5 43.
Rb7+ Kf8 44. Rb8+ Ke7 45. Rb7+ Kf8 46. Rf7+ Ke8 47. Rxg7 Bd7 48. Kd4 Bf5 49. e6 Ra1 50. Ke5 Bg6 51. Kd6 Kf8 52. Ra7 Rd1 53. Rxa6 Kg7 54. Ra7+ Kf6 55. Kc5 Re1 56. Ra4 Bf5 57. Rf4 Kg5 58. Kd6 h5 59. h4+ Kg6 60. e7 Kf6 61. Kc7 Rxe7+ 62. Kd6 Re5 63. Bc6 Re6+ 64. Kc5 Re5+ 65. Bd5 Kg6 66. Kd4 Re2 67. Bc6 Rd2+ 68. Ke3 Rd3+ 69. Ke2 Rc3 70. Be8+ Kf6 71. Bd7 Rc5 72.
Bxf5 Rxf5 73. Ke3 Ke5 74. Rxf5+ Kxf5 75. Kf3 Ke5 76. g4 hxg4+ 77. Kxg4 Kf6 78. h5 Kg7 79. Kg5 Kh8 80. Kh6 Kg8 81. Kg6 Kh8 82. h6 Kg8 83.
h7+ Kh8 84. Kh6 1/2-1/2

[Event "Early-Titled-Tuesday-Blitz-October-24-2023"]
[Site "Chess.com"]
[Date "2023.10.24"]
[Round "2"]
[White "Jospem"]
[Black "M_One1126"]
[Result "1-0"]
[WhiteElo "3135"]
[BlackElo "2627"]
[TimeControl "180+1"]
[EndTime "8:19:05 PDT"]
[Termination "Jospem won by resignation"]

1. e4 c5 2. Nf3 d6 3. c3 Nf6 4. h3 g6 5. Bd3 Bg7 6. Bc2 O-O 7.
d4 b5 8. O-O Bb7 9. Re1 e6 10.
Qe2 Qb6 11. Nbd2 cxd4 12. cxd4 Nc6 13. Nb3 Nb4 14. Bb1 a5 15. a3 Nc6 16. Be3 d5 17. e5 Nd7 18. Bd3 Ba6 19. Rec1 Rfc8 20. Nc5 Nxc5 21. Rxc5 b4 22. a4 Ne7 23. Rac1 Bxd3 24. Qxd3 Rxc5 25. dxc5 Qc7 26. Bd4 Nc6 27. Qe3 Rb8 28.
b3 h6 29. g4 Rc8 30. Bb2 Rd8 31. Kg2 Qb7 32. Bd4 Rc8 33. h4 Bf8 34. Bb2 Qe7 35. h5 Bg7 36. hxg6 fxg6 37. Rh1 Rf8 38. Rh3 Qf7 39. Rg3 Qf4 40. Qe2 g5 41. Qe3 Qxe3 42.
fxe3 Rc8 43. Rh3 Bf8 44. Bd4 Ne7 45. Rh1 Ng6 46. Kf2 Kf7 47. Ke2 Rc6 48. Ne1 Bg7 49. Nd3 Ke7 50. Kd2 Rc8 51. Rc1 Kd7 52. Ke2 Kc6 53. Rh1 Rf8 54. Ne1 Ne7 55. Nf3 Ng6 56.
Rh2 Rf7 57. Rh5 Bf8 58. Rh1 Bg7 59. Bb2 Bf8 60. Nd4+ Kd7 61. c6+ Ke7 62. Rc1 Kd8 63. Nxe6+ Kc8 64. Rd1 Re7 65. Nxf8 Nxf8 66. Rxd5 Kc7 67.
Rxa5 Kxc6 68. Ra6+ Kd5 69. Rd6+ Ke4 70. Rd4+ Kxe5 71. Rxb4+ Ke6 72. Rb6+ Kd5 73. Kd3 Ne6 74. e4+ Kc5 75. Ba3+ Kxb6 76. Bxe7 Nf4+ 77. Ke3 Ka5 78. Bf8 Ne6 79. Bd6 Ng7 80. Kd3 h5 81. Be5 Ne6 82.
gxh5 g4 83. h6 Nf8 84. Ke3 Kb4 85. Kf4 Kxb3 86. a5 Ng6+ 87. Kg3 Nxe5 88. h7 Nf7 89.
a6 Ng5 90. h8=Q Nxe4+ 91. Kxg4 Nc5 92. a7 1-0

[Event "Early-Titled-Tuesday-Blitz-October-24-2023"]
[Site "Chess.com"]
[Date "2023.10.24"]
[Round "2"]
[White "WPWPWP-2015"]
[Black "Witik"]
[Result "0-1"]
[WhiteElo "2554"]
[BlackElo "2813"]
[TimeControl "180+1"]
[EndTime "8:19:16 PDT"]
[Termination "Witik won by resignation"]

1. e4 c5 2. Nf3 d6 3. d4 cxd4 4. Nxd4 Nf6 5. Nc3 a6 6. h3 e5 7. Nde2 h5 8. Be3 b5 9. Nd5 Nbd7 10. Nec3 Bb7 11. a3 Be7 12. Be2 h4 13. O-O Nxd5 14.
Nxd5 Rc8 15. Nxe7 Qxe7 16. f3 Nf6 17. Qd2 d5 18. exd5 Nxd5 19. c3 Rd8 20. Rfe1 O-O 21.
Bf1 Nf4 22. Qf2 Qg5 23. Kh2 Rfe8 24. Rad1 Rxd1 25. Rxd1 Re6 26. Bd3 Qf6 27. Bc2 g5 28. Rd7 Bc6 29. Ra7 Bd5 30. Rd7 Rd6 31. Rxd6 Qxd6 32.
Kg1 Bc4 33. Qd2 Qe7 34. Be4 Kg7 35. Kh2 Qf6 36. Bc2 Be6 37. a4 Bc4 38. axb5 axb5 39. b3 Be6 40. Bc5 Nh5 41. Kg1 Nf4 42. Qd6 Bf5 43.
Qf8+ Kh7 44. Bxf5+ Qxf5 45. Kh2 Ne6 46. Qe7 Qf4+ 47. Kh1 Kg6 48. Qe8 Qc1+ 49. Kh2 Nxc5 50.
Qg8+ Kf6 51. Qd8+ Ke6 52. Qb6+ Kd5 53. Qd8+ Kc6 54. Qc8+ Kb6 55. Qd8+ Kb7 56. Qe7+ Kc6 57. Qe8+ Nd7 58. Qc8+ Kd6 59. Qa6+ Ke7 60. Qxb5 Qxc3 61. Qd5 Qd4 62. Qb7 Qf4+ 63. Kh1 Qc1+ 64. Kh2 Qc5 65. Kh1 f5 66. Kh2 Qc1 67. Qa8 Qf4+ 68. Kh1 Qc1+ 69. Kh2 Qc7 70. Kh1 Qd6 71. Qh8 Qf6 72. Qg8 Kd6 73. Qc4 Nc5 74. Qb5 Nd7 75. Qa6+ Ke7 76. Qc4 Qe6 77. Qb4+ Kf7 78. Qb7 e4 79. fxe4 fxe4 80.
Kg1 e3 81. Kf1 Ke7 82. Ke2 Qe5 83. Qb4+ Nc5 84. Qc4 Kf6 85. Qb5 Ne6 86. Qc4 Nf4+ 87. Kf3 e2 88. Qc6+ Ke7 89. Qb7+ Kf8 90. Qc8+ Kg7 91. Qb7+ Kh6 92. Qc6+ Ng6 93. Qc8 e1=Q 94.
Qf8+ Nxf8 0-1

[Event "Early-Titled-Tuesday-Blitz-October-24-2023"]
[Site "Chess.com"]
[Date "2023.10.24"]
[Round "2"]
[White "Adnan_Habib"]
[Black "Mistango"]
[Result "1/2-1/2"]
[WhiteElo "2327"]
[BlackElo "2518"]
[TimeControl "180+1"]
[EndTime "8:19:18 PDT"]
[Termination "Game drawn - insufficient material"]

1. d4 d6 2. Nf3 Nc6 3. c4 e5 4. d5 Nce7 5. Nc3 g6 6. e4 Bg7 7. h3 Nf6 8. Be3 c5 9. a3 O-O 10. b4 b6 11. Bd3 Nh5 12. g4 Nf4 13. bxc5 bxc5 14. Bxf4 exf4 15. Qc2 Qa5 16. Kd2 h6 17. Rhc1 g5 18. Ke2 Ng6 19. Rab1 Ba6 20. Nb5 Rfd8 21. Qd2 Qb6 22. Nbd4 cxd4 23. Rxb6 axb6 24. Qb4 Rab8 25. Rh1 Bc8 26. a4 Bd7 27. Bc2 Be8 28. h4 Bf6 29. hxg5 hxg5 30. Rh5 Bd7 31. Nh2 f3+ 32.
Kxf3 Ne5+ 33. Kg3 d3 34. Bb3 Kg7 35. Qd2 Rh8 36. Rxh8 Rxh8 37. f3 Ng6 38. Nf1 Be5+ 39. Kf2 Bd4+ 40. Ke1 Nf4 41. Qb4 Rh1 42. Qxd6 Ng2+ 43.
Kd2 Rxf1 44. Kxd3 Bf6 45. Qxd7 Nf4+ 46. Kc2 Rf2+ 47. Kc1 Rxf3 48. d6 Rxb3 49. Qe8 Rc3+ 50.
Kd2 Rxc4 51. d7 Rd4+ 52. Ke3 Ne6 53. Qc8 Rxa4 54. Qc6 Ra3+ 55. Kd2 Rg3 56. e5 Bxe5 57. Qxe6 fxe6 58. d8=Q Rxg4 59. Qe7+ Kh8 60. Qxe6 Rg2+ 61. Ke3 Bf4+ 62. Kf3 Rg3+ 63. Kf2 Re3 64. Qf6+ Kg8 65.
Qxb6 Re7 66. Qb3+ Kg7 67. Qc3+ Re5 68. Kf3 Kg6 69. Qc6+ Kf7 70. Kg4 Re6 71. Qd7+ Kf6 72. Qd4+ Re5 73. Qd6+ Kf7 74. Qd7+ Kf6 75. Qc6+ Re6 76.
Qc3+ Kg6 77. Qd3+ Kh6 78. Qd8 Kg6 79. Qg8+ Kf6 80. Qf8+ Ke5 81. Qh8+ Ke4 82. Qg8 Re5 83. Qc4+ Ke3 84. Qc3+ Kf2 85. Qc2+ Re2 86. Qc5+ Kg2 87.
Qf5 Kg1 88. Qh7 Rg2+ 89. Kf5 Be3 90. Qe7 Kf2 91. Qa3 g4 92. Qb2+ Kf3 93. Qb7+ Kf2 94. Qxg2+ Kxg2 95. Kxg4 1/2-1/2

[Event "Early-Titled-Tuesday-Blitz-October-24-2023"]
[Site "Chess.com"]
[Date "2023.10.24"]
[Round "2"]
[White "wild3000"]
[Black "Ginzburg_Yakov"]
[Result "0-1"]
[WhiteElo "2346"]
[BlackElo "2611"]
[TimeControl "180+1"]
[EndTime "8:19:21 PDT"]
[Termination "Ginzburg_Yakov won by checkmate"]

1. d4 d5 2. c4 c6 3. e3 Nf6 4. Nf3 dxc4 5. Bxc4 e6 6. O-O Nbd7 7. Nc3 c5 8. a3 cxd4 9. Nxd4 a6 10. b4 b5 11.
Be2 Bb7 12. Bf3 Qb6 13. Bb2 Be7 14. a4 O-O 15. axb5 axb5 16. Bxb7 Qxb7 17. Ndxb5 Bxb4 18. Rxa8 Rxa8 19. Qc2 Rc8 20. Rb1 Qxb5 21. Nxb5 Rxc2 22. h3 h6 23. Bxf6 Nxf6 24. Rxb4 Nd5 25. Rb1 g5 26.
Nd4 Ra2 27. Rc1 Kg7 28. g3 Nf6 29. Rc2 Ra1+ 30. Kg2 Kg6 31. Rb2 h5 32. Rc2 Ra4 33. Rb2 Rc4 34. Rc2 Rb4 35. Nc6 Rb1 36.
Ne5+ Kg7 37. Rc7 Nd5 38. Rxf7+ Kg8 39. Ra7 Rb2 40. Nc4 Rc2 41. Ra4 Nc3 42. Ra8+ Kg7 43. Nd6 Nd1 44. Ne4 Nxe3+ 45. Kf3 Nd1 46. Rd8 g4+ 47.
hxg4 hxg4+ 48. Kxg4 Nxf2+ 49. Nxf2 Rxf2 50. Re8 Kf7 51. Rb8 Ke7 52. Rb7+ Kf6 53. Rb8 Kf7 54. Rb7+ Kf6 55. Rb8 Ke7 56. Rb7+ Kd6 57. Kg5 e5 58. g4 e4 59. Rb8 Rf7 60. Kg6 Re7 61. g5 e3 62. Rb1 e2 63. Re1 Re3 64. Kf6 Rf3+ 65. Kg7 Rf2 66. g6 Ke7 67. Kh6 Kf6 68. Kh5 Kf5 69.
Kh6 Rh2+ 70. Kg7 Ke6 71. Kg8 Ke7 72. g7 Ke8 73. Rb1 Rf2 74. Rb8+ Ke7 75. Rb7+ Ke8 76.
Rb8+ Ke7 77. Rb7+ Kf6 78. Rf7+ Kg6 79. Rxf2 e1=Q 80. Rf7 Qe6 81. Kh8 Qh3+ 82. Kg8 Qc8+ 83. Rf8 Qc4+ 84. Kh8 Qh4+ 85. Kg8 Qh7# 0-1

[Event "Early-Titled-Tuesday-Blitz-October-24-2023"]
[Site "Chess.com"]
[Date "2023.10.24"]
[Round "2"]
[White "GMWSO"]
[Black "wannabe2700"]
[Result "1-0"]
[WhiteElo "3079"]
[BlackElo "2617"]
[TimeControl "180+1"]
[EndTime "8:19:55 PDT"]
[Termination "GMWSO won by checkmate"]

1. b3 e5 2. Bb2 Nc6 3. e3 Qe7 4. c4 Nf6 5. Nc3 e4 6. Nge2 h5 7. Nf4 Ne5 8. Qc2 d6 9. Nfd5 Nxd5 10.
Nxd5 Qd8 11. Qxe4 c6 12. Nf4 Be7 13. Be2 h4 14. Bxe5 dxe5 15. Qxe5 O-O 16. Nh5 f6 17.
Qb2 g5 18. f4 g4 19. h3 g3 20.
Qc2 Qe8 21. f5 Bd6 22. O-O Be5 23. d4 Bd6 24. Qd3 c5 25. Nf4 cxd4 26. exd4 Bd7 27. Bh5 Qc8 28. Bg4 Qc6 29. Bf3 Qa6 30. Bd5+ Kh7 31.
Qf3 Be8 32. Qg4 Qa5 33. Qxh4+ Kg7 34. Qxg3+ Kh7 35. Qh4+ Kg7 36. Ne6+ Kf7 37. b4 Qxb4 38. Rab1 Qc3 39. Rb3 Qd2 40. Rxb7+ Be7 41. Ng5+ Kg7 42. Rxe7+ Bf7 43. Ne6+ Kg8 44. Qg3+ Kh8 45. Qh4+ Qh6 46.
Qxh6+ Kg8 47. Nxf8 Rxf8 48. Rxf7 Rxf7 49. Qxf6 Kh7 50.
Qxf7+ Kh6 51. Qxa7 Kg5 52. f6 Kh4 53. f7 Kg5 54.
f8=Q Kh4 55. c5 Kh5 56. c6 Kh4 57. c7 Kg3 58. c8=Q Kh4 59. Bf3 Kg5 60. d5 Kh4 61.
d6 Kg3 62. d7 Kh4 63. a4 Kg3 64. a5 Kh4 65. a6 Kg5 66. Qb6 Kh4 67. a7 Kg3 68.
a8=Q Kh4 69. Kh1 Kg3 70. Bb7 Kh4 71. Qff6+ Kg3 72. h4 Kg4 73. Qe7 Kg3 74. h5 Kg4 75. h6 Kh5 76. h7 Kg4 77. h8=Q Kg3 78. Qh2+ Kg4 79. Qed6 Kg5 80. Qhh6+ Kg4 81. Qdc6 Kg3 82. Rf8 Kg4 83. d8=Q+ Kg3 84. Qc8c7+ Kg4 85. Q7d7+ Kg3 86. Qdd2 Kg4 87. Q8d4+ Kg3 88. Qdd5 Kg4 89. Rb8 Kg3 90. Q2a2 Kg4 91. Qdh5+ Kg3 92. Qh2+ Kg4 93. g3 Kf5 94. Q2h3+ Ke5 95. Qhh2 Kf5 96. Qh8 Kg4 97. Qcc7 Kg5 98. Qba7 Kg4 99. Ba6 Kg5 100. Q8g2 Kg4 101. Qgg1 Kg5 102. g4 Kg6 103. g5 Kf5 104. g6 Ke4 105. g7 Kf5 106. g8=Q Ke4 107. Kg2 Kf5 108. Rf8+ Ke4 109. Bb7+ Kd3 110. Ba6+ Ke4 111. Qad5# 1-0

[Event "Early-Titled-Tuesday-Blitz-October-24-2023"]
[Site "Chess.com"]
[Date "2023.10.24"]
[Round "3"]
[White "Giorno"]
[Black "Chessy222222"]
[Result "1/2-1/2"]
[WhiteElo "2556"]
[BlackElo "2362"]
[TimeControl "180+1"]
[EndTime "8:21:22 PDT"]
[Termination "Game drawn by agreement"]

1. Nf3 Nf6 2. c4 b6 3. Nc3 Bb7 4. d3 e6 5. e4 d6 6. Be2 Be7 7. O-O O-O 8. h3 Nbd7 9. Be3 a6 10.
Qd2 c5 11. Rfe1 1/2-1/2

[Event "Early-Titled-Tuesday-Blitz-October-24-2023"]
[Site "Chess.com"]
[Date "2023.10.24"]
[Round "3"]
[White "Zavgorodniy_Sergiy"]
[Black "hsd2016"]
[Result "1-0"]
[WhiteElo "2690"]
[BlackElo "2277"]
[TimeControl "180+1"]
[EndTime "8:22:14 PDT"]
[Termination "Zavgorodniy_Sergiy won by resignation"]

1. d4 d5 2. c4 c6 3. e3 Nf6 4.
Bd3 e6 5. Nd2 Be7 6. Ngf3 O-O 7.
O-O b6 8. Qe2 Bb7 9. e4 dxe4 10.
Nxe4 Nxe4 11. Qxe4 g6 12. Bh6 Re8 13. Rad1 Nd7 14.
h4 Nf6 15. Qf4 Nh5 16. Qg4 Nf6 17. Qf4 Nh5 18. Qe3 Bxh4 19. Nxh4 Qxh4 20. Bg5 Qg4 21. Be2 Qf5 22. g4 Qa5 23. gxh5 e5 24. hxg6 hxg6 25.
Bf6 Re6 26. dxe5 1-0

[Event "Early-Titled-Tuesday-Blitz-October-24-2023"]
[Site "Chess.com"]
[Date "2023.10.24"]
[Round "3"]
[White "Boundless_Strike"]
[Black "whiteglovethief"]
[Result "1-0"]
[WhiteElo "2619"]
[BlackElo "2442"]
[TimeControl "180+1"]
[EndTime "8:22:17 PDT"]
[Termination "Boundless_Strike won by resignation"]

1. d4 d5 2. e4 e6 3. Be3 dxe4 4. Nd2 Nf6 5. f3 exf3 6. Ngxf3 Nc6 7. Bd3 Bd6 8. O-O O-O 9. c3 e5 10. Bg5 Bg4 11. Qe1 exd4 12. Nxd4 Nxd4 13. Bxf6 Qe8 14. Bxd4 c5 1-0

[Event "Early-Titled-Tuesday-Blitz-October-24-2023"]
[Site "Chess.com"]
[Date "2023.10.24"]
[Round "3"]
[White "LeoLV10"]
[Black "Tssunami"]
[Result "0-1"]
[WhiteElo "2575"]
[BlackElo "2433"]
[TimeControl "180+1"]
[EndTime "8:22:27 PDT"]
[Termination "Tssunami won by resignation"]

1. e4 c6 2. d4 d5 3. e5 Bf5 4.
h4 h5 5. Bd3 Bxd3 6. Qxd3 Qa5+ 7. Nd2 e6 8. Nf3 Nh6 9. c4 Nf5 10. b3 Ba3 11. O-O Nd7 12. Bxa3 Qxa3 13. cxd5 cxd5 14.
Rfc1 O-O 15. Nb1 Qxc1+ 16. Kh2 Rac8 17. a4 Qb2 18. Ra3 Rc1 19. Nfd2 Rfc8 20. b4 Qxd4 21. Qb3 Qxh4+ 0-1

[Event "Early-Titled-Tuesday-Blitz-October-24-2023"]
[Site "Chess.com"]
[Date "2023.10.24"]
[Round "3"]
[White "abc_xyz4744"]
[Black "zajka-molotok"]
[Result "1-0"]
[WhiteElo "2391"]
[BlackElo "2548"]
[TimeControl "180+1"]
[EndTime "8:22:34 PDT"]
[Termination "abc_xyz4744 won by checkmate"]

1. e4 c6 2. d4 d5 3. exd5 cxd5 4.
c4 Nf6 5. Nc3 e6 6. Nf3 Bb4 7.
cxd5 Nxd5 8. Bd2 Nc6 9. Bd3 Nxc3 10. bxc3 Be7 11. O-O O-O 12. Qe2 Bd7 13. Rab1 Na5 14. c4 Bc6 15. Ne5 Rc8 16. Bc3 b6 17. Bxa5 bxa5 18.
Nxc6 Rxc6 19. Qe4 g5 20. Qxh7# 1-0